 Dungeon Crawl Stone Soup version 0.18.1-48-g4cf74bf (webtiles) character file.

139 Joat the Insei (level 5, 0/47 HPs)
             Began as a Draconian Monk on Sept 4, 2016.
             Killed by nerve-wracking pain
             ... invoked by an orc priest
              (14 damage)
             ... on level 3 of the Dungeon.
             The game lasted 00:05:02 (1450 turns).

Joat the Insei (Draconian Monk)                     Turns: 1450, Time: 00:05:03

Health: 0/47       AC:  5    Str: 13    XL:     5   Next: 1%
Magic:  5/5        EV: 13    Int: 12    God:
Gold:   86         SH:  0    Dex: 13    Spells: 0 memorised, 4 levels left

rFire  . . .     SeeInvis .       - Unarmed
rCold  . . .     Gourm    .     (armour unavailable)
rNeg   . . .     Faith    .     (no shield)
rPois  .         Spirit   .     (helmet restricted)
rElec  .         Dismiss  .     (no cloak)
rCorr  .         Reflect  .     (no gloves)
SustAt .         Harm     .     (no boots)
MR     .....                    (no amulet)
Stlth  ++........               (no ring)
                                (no ring)

@: not resistant to hostile enchantments, unstealthy
A: unfitting armour, cold-blooded, AC +5
a: no special abilities


You were on level 3 of the Dungeon.
You were not hungry.

You visited 1 branch of the dungeon, and saw 3 of its levels.

You collected 86 gold pieces.

Inventory:

Missiles
 e - 3 needles of frenzy
 j - 14 poisoned needles
Wands
 b - a wand of hasting (3/9)
Scrolls
 c - 2 scrolls of identify {unknown}
 d - a scroll of amnesia {unknown}
 g - 2 scrolls of enchant armour {unknown}
 i - 2 scrolls of remove curse {unknown}
 o - a scroll of teleportation {unknown}
Potions
 h - a potion of heal wounds
 k - a potion of might {unknown}
 p - a potion of lignification {unknown}
Comestibles
 a - a bread ration
 f - a slice of pizza
 l - 3 fruits
 m - a beef jerky
 n - 4 chunks of flesh
 q - a meat ration


   Skills:
 + Level 4.4 Fighting
 + Level 3.8 Dodging
 - Level 1.7 Stealth
 + Level 4.8 Unarmed Combat


You had 4 spell levels left.
You didn't know any spells.

Dungeon Overview and Level Annotations

Branches:
Dungeon (3/15)

Altars:
Gozag
Kikubaaqudgha
Ru
Trog
Yredelemnul


Innate Abilities, Weirdness & Mutations

Your plain brown scales are hard (AC +5).
Your body does not fit into most forms of armour.
You are cold-blooded and may be slowed by cold attacks.


Message History

The orc wizard misses you. The orc priest misses you.
Drink which item? (? for menu, Esc to quit)
You feel much better. The orc wizard barely misses you.
The orc priest hits you with a flail! The orc wizard barely misses you.
You barely miss the orc priest.
The orc priest is moderately wounded.
The orc wizard hits you but does no damage.
You hit the orc priest but do no damage.
The orc priest is moderately wounded.
The orc priest closely misses you. The orc wizard misses you.
You hit the orc priest but do no damage.
The orc priest is moderately wounded.
The orc wizard misses you. The orc priest hits you with a flail!
* * * LOW HITPOINT WARNING * * *
You hit the orc priest.
Your tail-slap misses the orc priest.
The orc priest is severely wounded.
The orc wizard closely misses you.
The orc priest mumbles some strange prayers to Beogh against you.
Pain shoots through your body!
You die...

....[.###.## #.# ###.###
..###.##..# #.#
#######...# ### #.##.##
#.###...รท..o###
#####....# #.##.[#######
...##..### #.##.##
.......# ##....# ....#.##
###.##### ....#.#
#.oo#8###8## ......####
###.#@o....... .........#
#...#.........
....#.##.###.###.........
....#.##.)...#####8###8##
##..#.#####......########
#..##.###...#....(......#
..###.#...####%)......###
##......### #.).....##
>..###.## ###.......#


You could see an orc priest, an orc wizard and an orc.

Vanquished Creatures
  Jessica (D:2)
  Ijyb (D:2)
  3 adders
  A worm (D:2)
  4 dart slugs
  4 giant geckos (D:1)
  2 giant cockroaches (D:1)
  7 goblins
  4 hobgoblins
  A quokka (D:3)
  3 ball pythons
  3 bats (D:1)
  2 giant newts
  8 kobolds
  7 rats
51 creatures vanquished.

Notes
Turn   | Place    | Note
--------------------------------------------------------------
     0 | D:1      | Joat the Draconian Monk began the quest for the Orb.
     0 | D:1      | Reached XP level 1. HP: 19/19 MP: 1/1
   144 | D:1      | Reached XP level 2. HP: 21/26 MP: 2/2
   341 | D:1      | Reached XP level 3. HP: 30/33 MP: 3/3
   560 | D:2      | Noticed Jessica
   566 | D:2      | Killed Jessica
   618 | D:2      | Reached XP level 4. HP: 35/40 MP: 4/4
   627 | D:2      | Found a basalt altar of Yredelemnul.
   744 | D:2      | Noticed Ijyb
   772 | D:2      | Killed Ijyb
  1318 | D:3      | Found an opulent altar of Gozag.
  1333 | D:3      | Found an ancient bone altar of Kikubaaqudgha.
  1335 | D:3      | Found a bloodstained altar of Trog.
  1337 | D:3      | Found a sacrificial altar of Ru.
  1407 | D:3      | Reached XP level 5. HP: 42/47 MP: 5/5
  1450 | D:3      | Killed from afar by an orc priest

Skill      XL: |  1  2  3 |
---------------+----------+-----
Dodging        | 3 |  3.8
Fighting       | 4 |  4.4
Stealth        | |  1.7
Unarmed Combat | |  4.8

Action                   |  1- 3 |  4- 6 || total
-------------------------+-------+-------++-------
Melee: Unarmed           |    86 |    97 ||   183
       Tailslap          |     6 |     8 ||    14
       Punch             |     2 |     1 ||     3
  Use: Potion            |       |     2 ||     2
 Stab: Sleeping          |     3 |     3 ||     6
  Eat: Chunk             |       |     2 ||     2
Armor: Skin              |    20 |    23 ||    43
Dodge: Dodged            |    70 |    68 ||   138
